 Dungeon Crawl Stone Soup version 0.26-a0-846-gcc8f1ee719 (webtiles) character file.

Game seed: 11244344593452072071

33 jestyr24 the Grasshopper (level 3, 0/18 HPs)
             Began as a Spriggan Warper on Nov 19, 2020.
             Slain by an orc wizard
             ... wielding a +0 dagger
              (1 damage)
             ... on level 2 of the Dungeon on Nov 20, 2020.
             The game lasted 00:07:58 (1234 turns).

jestyr24 the Grasshopper (Spriggan Warper)          Turns: 1234, Time: 00:07:58

Health: 0/18       AC:  2    Str:  7    XL:     3   Next: 12%
Magic:  0/8        EV: 19    Int: 15    God:
Gold:   43         SH:  0    Dex: 15    Spells: 7/7 levels left

rFire    x . .     SeeInvis +   a - +0 short sword
rCold    + . .     Faith    .   (shield restricted)
rNeg     . . .     Spirit   +   b - +0 robe
rPois    .         Reflect  .   (helmet restricted)
rElec    .         Harm     .   (no cloak)
rCorr    .         Rampage  .   (gloves unavailable)
MR       .....                  (boots unavailable)
Stlth    +.........             l - amulet of guardian spirit
HPRegen  0.06/turn              h - ring of ice
MPRegen  0.11/turn              (no ring)

@: very quick
A: very small, unfitting armour, see invisible, speed 3
a: no special abilities


You were on level 2 of the Dungeon.
You visited 1 branch of the dungeon, and saw 2 of its levels.

You collected 43 gold pieces.

Inventory:

Hand Weapons
 a - a +0 short sword (weapon)
Missiles
 e - 4 boomerangs of dispersal (quivered)
 f - 57 stones
 g - 47 sling bullets
Armour
 b - a +0 robe (worn)
Jewellery
 h - a ring of ice (left hand)
 l - an amulet of guardian spirit (around neck)
Scrolls
 c - a scroll of enchant weapon {unknown}
 d - a scroll of blinking
 i - a scroll of identify {unknown}
 j - a scroll of fear {unknown}
 k - a scroll of fog {unknown}


   Skills:
 - Level 1.7 Fighting
 - Level 3.0 Short Blades
 * Level 0.3(0.8) Slings
 - Level 1.0 Throwing
 + Level 4.2 Dodging
 * Level 0.1 Stealth
 + Level 2.8 Spellcasting
 + Level 4.7 Translocations


You had 7 spell levels left.
You didn't know any spells.
Your spell library contained the following spells:

 Spells                   Type           Power        Failure   Level
 Blink                    Tloc           N/A          4%          2
 Gell's Gravitas          Tloc           ###.......   9%          3
 Lesser Beckoning         Tloc           ###.......   9%          3
 Teleport Other           Tloc           ###.....     9%          3
 Passage of Golubria      Tloc           N/A          28%         4


Dungeon Overview and Level Annotations

Branches:
Dungeon (2/15)

Altars:
Ashenzari


Innate Abilities, Weirdness & Mutations

You are very small and have problems with some larger weapons.
You are too small for most types of armour.
You have supernaturally acute eyesight. (SInv)
You cover ground extremely quickly.


Message History

You hit the orc wizard.
The orc wizard is moderately wounded.
The orc wizard completely misses you.
You closely miss the orc wizard.
The orc wizard is moderately wounded.
The orc wizard barely misses you.
The orc wizard gestures at you while chanting.
The puff of frost hits you. You resist.
* * * LOW HITPOINT WARNING * * *
You hit the orc wizard but do no damage.
The orc wizard is moderately wounded.
The orc wizard casts a cantrip, but nothing happens.
You hit the orc wizard but do no damage.
The orc wizard is moderately wounded.
The orc wizard misses you.
The orc wizard hits you but does no damage.
You hit the orc wizard but do no damage.
The orc wizard is moderately wounded.
The orc wizard hits you with a +0 dagger.
You die...

#.##.....# .......#
#.....# ####.<...#
##...##)### ......##.###
###........# #
##.......#########.###.#
#...........@ooo......#
#......)##.######....o.
#..........# #..o.
#..######### ### #.. ##.


You could see an orc wizard (fast) and 2 orcs.

Vanquished Creatures
  2 oozes (D:1)
  2 dart slugs (D:1)
  A leopard gecko (D:1)
  A giant cockroach (D:1)
  4 goblins
  A hobgoblin (D:1)
  A bat (D:1)
  2 frilled lizards (D:1)
  2 kobolds (D:1)
  6 rats (D:1)
22 creatures vanquished.

Notes
Turn   | Place    | Note
-------+----------+-------------------------------------------
     0 | D:1      | jestyr24 the Spriggan Warper began the quest for the Orb.
     0 | D:1      | Reached XP level 1. HP: 10/10 MP: 5/5
    53 | D:1      | Reached XP level 2. HP: 12/14 MP: 6/6
    64 | D:1      | Found a broken altar of Ashenzari.
   867 | D:1      | Reached XP level 3. HP: 18/18 MP: 8/8
  1234 | D:2      | Slain by an orc wizard

Illustrated notes

Levels and vault maps discovered:
D:1:      minmay_arrival_hallway, layout_basic, minivault_4,
          nicolae_ashenzari_panopticon
D:2:      layout_loops_ring, kennysheep_doodads, minmay_goblin_kobold_house

Skill      XL: |  1  2 |
---------------+-------+-----
Dodging        | 4 |  4.2
Short Blades   | 3 |  3.0
Fighting       | |  1.7
Slings         | |  0.3
Throwing       | |  1.0
Stealth        | |  0.1
Spellcasting   | |  2.8
Translocations | |  4.7

Action                   || total
-------------------------++-------
Melee: Short sword       ||    97
Throw: Boomerang         ||     1
  Use: Scroll            ||     1
 Stab: Sleeping          ||     1
Armor: Robe              ||     6
Dodge: Dodged            ||    70

Table legend: (Time is in decaauts)
 A = Elapsed time spent in this place.
 B = Non-inter-level travel time spent in this place.
 C = Inter-level travel time spent in this place.
 D = Time resting spent in this place.
 E = Time spent auto-exploring this place.
 F = Levels seen in this place.
 G = Mean time per level.
                   A        B        C        D        E       F      G
               +--------+--------+--------+--------+--------+-----+--------+
         Total |    858 |    810 |     48 |      0 |    502 |   2 |  429.0 |
       Dungeon |    858 |    810 |     48 |      0 |    502 |   2 |  429.0 |
               +--------+--------+--------+--------+--------+-----+--------+

Top non-repeatable levels by time:
     D:1: 821 daAuts
     D:2: 36 daAuts
